[Event "Early-Titled-Tuesday-Blitz-February-13-2024"]
[Site "Chess.com"]
[Date "2024.02.13"]
[Round "9"]
[White "KhazhatulyAlikhan"]
[Black "HanSchut"]
[Result "1-0"]
[WhiteElo "2416"]
[BlackElo "2266"]
[TimeControl "180+1"]
[EndTime "9:50:18 PST"]
[Termination "KhazhatulyAlikhan won by checkmate"]

1. e4 c5 2. Nf3 d6 3. d4 cxd4 4. Nxd4 Nf6 5. Nc3 a6 6. Bd3 g6 7.
O-O Bg7 8. Qe2 O-O 9. Bd2 Nc6 10. Nb3 Be6 11. f4 b5 12. f5 Bxb3 13. axb3 Ne5 14. Kh1 Qc7 15. fxg6 hxg6 16. Bf4 e6 17. Bxe5 dxe5 18.
Nd1 Nh5 19. g3 f5 20. Rf3 f4 21. g4 Nf6 22. h3 Nd7 23. Nc3 Nc5 24. b4 Nd7 25. Ra3 Nb6 26. Kh2 Rfc8 27. Rf1 Bf8 28. Rfa1 Qb7 29. Rb3 Nc4 30. Ra2 Rc7 31. h4 Rac8 32.
h5 Nxb2 33. Rbxb2 Rxc3 34. hxg6 Qg7 35. Rxa6 Qxg6 36. Rba2 Qg5 37. Kg2 Qh4 38. Qf3 Bxb4 39. Rxe6 R3c6 40. Rxc6 Rxc6 41. Qh3 Qxh3+ 42. Kxh3 Rh6+ 43.
Kg2 Rb6 44. Ra8+ Kf7 45. Rh8 Bc3 46. Rh5 Bd4 47. Rh7+ Kg8 48. Rc7 b4 49. Kf3 b3 50.
cxb3 Rxb3 51. Ke2 Rb2+ 52. Bc2 Ra2 53. g5 Ra3 54. Bd3 Ra2+ 55. Bc2 Ra3 56. Bd3 Ra2+ 57. Rc2 Ra7 58. Kf3 Rg7 59. Kg4 f3 60. Bc4+ Kf8 61.
Bd3 f2 62. Bf1 Ke7 63. Bh3 Kd6 64. Bg2 Rf7 65. Bf1 Rg7 66. Kf5 Be3 67. g6 Ke7 68. Rc7+ Kf8 69. Rc8+ Ke7 70. Ra8 Kd6 71. Ra3 Bd4 72. Ra6+ Kc5 73. Kf6 Rb7 74. g7 Rb1 75.
Kf7 Rxf1 76. g8=Q Rg1 77. Qc8+ Kb4 78. Qb7+ Kc3 79. Rc6+ Kd2 80. Qb4+ Ke3 81. Qb3+ Kf4 82. Rf6+ Kxe4 83. Qc2+ Kd5 84. Qc6# 1-0

[Event "Early-Titled-Tuesday-Blitz-February-13-2024"]
[Site "Chess.com"]
[Date "2024.02.13"]
[Round "9"]
[White "zverr1"]
[Black "kidagent"]
[Result "1-0"]
[WhiteElo "2555"]
[BlackElo "2331"]
[TimeControl "180+1"]
[EndTime "9:50:20 PST"]
[Termination "zverr1 won by resignation"]

1. e4 c6 2. b3 d5 3. Bb2 dxe4 4. Nc3 Nf6 5. Nge2 Bf5 6. Ng3 Bg6 7. Qe2 e6 8. O-O-O Nbd7 9. h4 h5 10. Ncxe4 Nxe4 11. Nxe4 Qa5 12. Kb1 O-O-O 13. d4 Nb6 14. c4 Ba3 15.
Rh3 Bxb2 16. Kxb2 Qb4 17. Nc3 Rhe8 18. Re3 Rd7 19. a3 Qe7 20. d5 cxd5 21. cxd5 Red8 22. Qb5 Qf6 23. Rf3 Qxh4 24. Qc5+ Rc7 25. Qd4 Qxd4 26. Rxd4 exd5 27. Bd3 Bxd3 28. Rfxd3 Rcd7 29. Rd2 a6 30. R4d3 f5 31. Rf3 g6 32. Ne2 d4 33. Rfd3 Kc7 34. Nxd4 Kb8 35. a4 Kc8 36. Rc2+ Kb8 37. Rcd2 Nd5 38. Nf3 Nf6 39. Rxd7 Rxd7 40. Re2 Ne4 41. Ne5 Rg7 42. f3 Nf6 43. Rd2 Kc7 44. Rc2+ Kb8 45. Rd2 g5 46. Rd6 Nh7 47. Rh6 h4 48.
Nd3 Nf8 49. Nc5 Re7 50. Rh8 Re2+ 51. Kc3 Rxg2 52. Rxf8+ Ka7 53. Rxf5 h3 54. Rf7 h2 55. Rxb7+ Ka8 56. Rh7 Rg3 57. Kb4 Rxf3 58. Rxh2 g4 59. Rg2 g3 60. Nxa6 Kb7 61. Nc5+ Kc6 62. Ne4 Rf4 63.
Rxg3 Rxe4+ 64. Kc3 Kb6 65. Rd3 Rh4 66. Rd4 Rh5 67. Kb4 Rh1 68. Rd6+ Kc7 69. Rd4 Rh5 70. Rc4+ Kb6 71. Rg4 Rf5 72. a5+ Ka6 73. Rg6+ Kb7 74.
Ka4 Ka7 75. b4 Kb7 76. Rg4 Rf1 77. Rg5 Rf4 78. Kb5 Ka7 79. Rg7+ Ka8 80. Rg5 Rf6 81. Rc5 Rg6 82. Rd5 Ka7 83. Rd7+ Ka8 84. a6 Rh6 85. Ka5 Rg6 86. b5 Rh6 87. Rd8+ Ka7 88. b6+ Rxb6 89. Rd7+ Rb7 90. Rxb7+ Ka8 91. Rh7 1-0

[Event "Early-Titled-Tuesday-Blitz-February-13-2024"]
[Site "Chess.com"]
[Date "2024.02.13"]
[Round "9"]
[White "ama18"]
[Black "Vaathi_Coming"]
[Result "0-1"]
[WhiteElo "2601"]
[BlackElo "2905"]
[TimeControl "180+1"]
[EndTime "9:50:23 PST"]
[Termination "Vaathi_Coming won on time"]

1. Nf3 g6 2. e3 Bg7 3. d4 Nf6 4. b3 O-O 5. Bb2 b6 6. Nbd2 Bb7 7. Bd3 d5 8. O-O Nbd7 9. c4 c5 10. Rc1 cxd4 11. Nxd4 Ne5 12. Be2 Rc8 13. h3 Ne4 14. Rc2 Nxd2 15. Rxd2 dxc4 16. Ne6 fxe6 17. Rxd8 Rfxd8 18. Qa1 c3 19. Bxc3 Rxc3 20. Qxc3 Nf3+ 21. Bxf3 Bxc3 22.
Bxb7 Rd2 23. a4 Rb2 24. Ba6 Rxb3 25. Bc4 Ra3 26. Bxe6+ Kg7 27. Rc1 Bb4 28. Bd7 Bc5 29. g4 Rxe3 30. fxe3 Bxe3+ 31. Kg2 Bxc1 32. Kf3 Kf6 33.
Ke4 Kg5 34. Kf3 e5 35. Be6 Ba3 36. Bg8 h6 37. Bf7 Bd6 38. Ke4 a6 39. Be8 Bc7 40.
Kf3 Kf6 41. Ke4 Bd8 42. Kd5 Be7 43. Ke4 Bb4 44. Kd5 Bc3 45. Ke4 Kg5 46. Kf3 Kh4 47. Kg2 Kg5 48. Kf3 h5 49. gxh5 Kxh5 50. Ke4 Kg5 51.
Bd7 Kh4 52. Be8 g5 53. Bd7 Kg3 54. Kd3 Bd4 55. Ke4 Bb2 56. Bg4 b5 57. axb5 axb5 58.
Be6 b4 59. Bg4 Bc3 60. Be6 Bd4 61. Kd3 Kf4 62. Bd5 Bc5 63. Be6 e4+ 64. Ke2 Bd4 65. Bd5 Be5 66. Bb3 Bf6 67. Be6 Bd4 68. Bb3 Kg3 69.
Be6 Bc5 70. Bf5 e3 71. Be6 Bb6 72. Bf5 b3 73. Ke1 Kf3 74. Bg4+ Ke4 75. Ke2 b2 76. Bh5 Kf5 77. Bg4+ Kf6 0-1

[Event "Early-Titled-Tuesday-Blitz-February-13-2024"]
[Site "Chess.com"]
[Date "2024.02.13"]
[Round "9"]
[White "Matibar"]
[Black "Elsa167"]
[Result "0-1"]
[WhiteElo "2763"]
[BlackElo "2907"]
[TimeControl "180+1"]
[EndTime "9:50:30 PST"]
[Termination "Elsa167 won by resignation"]

1. e4 c5 2. Nf3 e6 3. d4 cxd4 4. Nxd4 Nf6 5. Nc3 Nc6 6. a3 d6 7. g3 Be7 8. Bg2 Nxd4 9. Qxd4 O-O 10. O-O Qc7 11. h3 e5 12. Qd2 Be6 13. b3 Rac8 14. Bb2 a6 15. a4 h5 16. Rac1 h4 17. g4 Nh7 18. Ne2 Bg5 19. f4 exf4 20. Nxf4 Nf6 21. Kh1 Qc5 22. c4 Rfe8 23. Rcd1 b5 24. axb5 axb5 25.
Nxe6 Rxe6 26. Qc3 bxc4 27. bxc4 Qxc4 28. Qd4 Qxd4 29. Rxd4 Rc2 30. Rb4 Nd7 31. Bd4 Ne5 32.
Rb8+ Kh7 33. Rf5 f6 34. Rf1 Nc6 35. e5 Nxd4 36. Be4+ g6 37. Bxc2 Nxc2 38. Rb7+ Kh6 39. exf6 Rxf6 40. Rd1 Ne3 41. Re1 Bf4 42. Rd7 Kg5 43.
Rd8 d5 44. Re2 Re6 45. Kg1 Re4 46. Rxd5+ Nxd5 47. Rxe4 Bg3 48. Kg2 Nf4+ 49. Kf3 Nxh3 50. Rc4 Kh6 51. Rc5 Ng5+ 52. Kg2 Ne4 53. Rc4 Nf6 54.
Kh3 Nh7 55. Rc5 Ng5+ 56. Kg2 Ne6 57. Rc6 Nf4+ 58. Kf3 Kg7 59. Rc7+ Kf6 60. Rc6+ Ke5 61. Rc5+ Kd4 62. Ra5 Kd3 63. Ra3+ Kd4 64. g5 Ke5 65. Kg4 Nd5 66. Ra5 Ke6 67. Ra6+ Bd6 68. Kxh4 Ne3 69. Rb6 Ke5 70. Ra6 Kf4 71. Ra4+ Kf3 72. Ra6 Nf5+ 73. Kh3 Kf4 74. Ra4+ Kxg5 75. Rg4+ Kf6 76. Ra4 g5 77. Kg4 Nh6+ 78. Kh5 Nf7 79. Ra6 Ke6 80. Kg6 g4 81. Kh5 g3 82. Kg4 Nh6+ 83. Kf3 Nf5 84. Ra4 Kf6 85.
Kg2 Kg5 86. Kf3 Nh4+ 87. Ke2 g2 88. Kf2 Bc5+ 89. Ke2 g1=Q 90. Rg4+ Qxg4+ 0-1

[Event "Early-Titled-Tuesday-Blitz-February-13-2024"]
[Site "Chess.com"]
[Date "2024.02.13"]
[Round "9"]
[White "jk13"]
[Black "Binary010"]
[Result "1-0"]
[WhiteElo "2703"]
[BlackElo "2893"]
[TimeControl "180+1"]
[EndTime "9:50:40 PST"]
[Termination "jk13 won on time"]

1. e4 c5 2. c3 Nf6 3. e5 Nd5 4. Bc4 Nb6 5. Bb3 d6 6. exd6 Qxd6 7.
Nf3 c4 8. Bc2 Qe6+ 9. Kf1 g6 10.
h4 Bg7 11. h5 Nc6 12. Na3 a6 13. d4 cxd3 14. Qxd3 Qd5 15. Qe3 Nc4 16. Nxc4 Qxc4+ 17. Kg1 Bg4 18. Bb3 Qb5 19. hxg6 hxg6 20. Rxh8+ Bxh8 21. Ng5 O-O-O 22. Nxf7 Rd3 23. Nxh8 Rxe3 24. Bxe3 Ne5 25. Bd4 Bf5 26. Re1 Nc6 27. Be3 Qd3 28. Nf7 Qd7 29. Ng5 Ne5 30. Bc5 Nd3 31. Rxe7 Qc6 32. Be3 Kd8 33. Rg7 Qf6 34. Nf7+ Kc8 35. Rg8+ Kc7 36. Bd4 Qe7 37. Ne5 Nxe5 38. f4 Qd7 39. Bxe5+ Kb6 40. Bd4+ Ka5 41. Rg7 Qb5 42. Rc7 b6 43. a4 Qe2 44.
Bc4 Qe1+ 45. Kh2 Qh4+ 46. Kg1 Qe1+ 47. Kh2 Qh4+ 48. Kg1 Qxf4 49. Rc6 Qc1+ 50. Kf2 Qf4+ 51. Kg1 Qc1+ 52. Bf1 Qxb2 53. Rxb6 Qxb6 54. Bxb6+ Kxb6 55. Kf2 a5 56. Ke3 Bc2 57. Bb5 Kc5 58. g3 Bf5 59. c4 Bc2 60. Kf4 Kb4 61. Ke5 Bxa4 62. Bxa4 Kxa4 63. c5 Kb5 64. Kd6 a4 65. c6 a3 66. c7 a2 67. c8=Q a1=Q 68. Qc5+ Ka6 69. Qc6+ Ka7 70. Qc7+ Ka6 71. Qc8+ Ka7 72. Qd7+ Kb6 73.
Qc6+ Ka7 74. Qc5+ Kb7 75. Qb5+ Ka7 76. Qc5+ Kb7 77. Qd5+ Ka7 78. Qe5 Qa6+ 79. Ke7 Qb7+ 80. Kf6 Qc6+ 81. Kg5 Kb7 82. Qg7+ Kc8 83. Qxg6 Qc1+ 84.
Kf6 Qc6+ 85. Kg7 Qd7+ 86. Kh6 Qh3+ 87. Kg7 Qd7+ 88. Kh8 Qh3+ 89. Kg8 Kd8 90. g4 Qb3+ 91. Qf7 Qg3 92. Qf6+ Kd7 93. g5 Qb8+ 94. Kg7 Qg3 95.
g6 Qg4 96. Qf7+ Kd6 97. Kg8 Ke5 98. g7 Qc8+ 99. Qf8 Qe6+ 100. Qf7 Qc8+ 101. Kh7 Qh3+ 102. Kg6 Qg4+ 103. Kh6 1-0

[Event "Early-Titled-Tuesday-Blitz-February-13-2024"]
[Site "Chess.com"]
[Date "2024.02.13"]
[Round "9"]
[White "Dinamo3"]
[Black "NastyaHn"]
[Result "1-0"]
[WhiteElo "2535"]
[BlackElo "2397"]
[TimeControl "180+1"]
[EndTime "9:50:58 PST"]
[Termination "Dinamo3 won by checkmate"]

1. c4 c6 2. Nc3 d5 3. cxd5 cxd5 4.
d4 Nf6 5. Bf4 a6 6. e3 Nc6 7.
Bd3 e6 8. Nf3 Bd6 9. Bxd6 Qxd6 10.
O-O O-O 11. Rc1 b5 12. Qe2 Bb7 13. a3 Ne7 14. Ne5 Rac8 15. b4 Ne4 16. Nb1 f6 17.
Nf3 Rc7 18. Nfd2 Rfc8 19. Rxc7 Qxc7 20. Nb3 Qb6 21. Nc5 Nf5 22. f3 Ng5 23. Bxf5 exf5 24. Nc3 Re8 25. Qd3 g6 26. Re1 Ba8 27. Qd2 Qd6 28. Nd3 Rc8 29. Nc5 Re8 30. Ne2 Nf7 31.
Nf4 g5 32. Nfd3 Qb6 33. Nb3 Nd6 34. Na5 Nc4 35. Nxc4 dxc4 36. Nc5 Bd5 37. Qc2 f4 38.
e4 Bf7 39. d5 a5 40. Qc3 axb4 41. axb4 Qd6 42. Ra1 Kg7 43. Ra6 Qe5 44. Qxe5 fxe5 45.
Kf2 Rc8 46. Ra7 Kf8 47. Ke2 Ke8 48. d6 Rd8 49. Re7+ Kf8 50. Nd7+ Kg7 51. Nxe5 Rxd6 52.
Nxf7 Ra6 53. Nxg5+ Kf6 54. Re6+ Rxe6 55. Nxe6 Kxe6 56. g3 Ke5 57. Kd2 fxg3 58. hxg3 Kd4 59. Ke2 h5 60. Kd2 Ke5 61. Ke3 Kd6 62. f4 Ke6 63.
Kd4 Kd6 64. e5+ Ke6 65. Ke4 Ke7 66. f5 Kf7 67. Kf4 Ke7 68. Ke3 Kf7 69. Kd4 Ke7 70.
Ke4 Kf7 71. Kf4 Ke7 72. e6 Kf6 73. Ke4 Ke7 74. Kd4 Kf6 75. Kc3 Ke7 76. Kd2 Kf6 77. Ke3 Ke7 78. Kd4 Kf6 79. Ke4 Ke7 80. Kf4 Kf6 81.
Kf3 Ke7 82. Ke4 Kf6 83. Kd5 Ke7 84. Ke5 Ke8 85. f6 c3 86. e7 Kf7 87. Kd6 c2 88.
Kd7 c1=Q 89. e8=Q+ Kxf6 90. Qf8+ Kg6 91. Qg8+ Kf6 92.
Qh8+ Kg6 93. Qg8+ Kf6 94. Qe6+ Kg7 95. Qe5+ Kg6 96. Qxb5 Qd1+ 97. Kc7 Qc2+ 98. Qc6+ Qxc6+ 99. Kxc6 Kg5 100. b5 Kg4 101. b6 Kxg3 102. b7 h4 103. b8=Q+ Kg2 104.
Qb2+ Kg3 105. Qc3+ Kg2 106. Qd2+ Kg3 107. Qe1+ Kh3 108. Qh1+ Kg3 109. Kd5 h3 110. Ke4 h2 111. Ke3 Kh3 112.
Kf4 Kh4 113. Qxh2# 1-0

[Event "Early-Titled-Tuesday-Blitz-February-13-2024"]
[Site "Chess.com"]
[Date "2024.02.13"]
[Round "9"]
[White "DeArron_Fox"]
[Black "emeli_chess"]
[Result "1/2-1/2"]
[WhiteElo "2509"]
[BlackElo "2376"]
[TimeControl "180+1"]
[EndTime "9:50:58 PST"]
[Termination "Game drawn by 50-move rule"]

1. d4 Nf6 2. c4 e6 3. Nf3 d5 4. Nc3 Bb4 5. Qa4+ Nc6 6. e3 O-O 7. Qc2 Re8 8. Bd2 e5 9. dxe5 Nxe5 10. Nxe5 Rxe5 11. O-O-O Bf5 12. Qb3 c5 13. a3 Ba5 14.
Nxd5 Nxd5 15. Bxa5 Qxa5 16. cxd5 c4 17. Qc3 Qxc3+ 18.
bxc3 b5 19. g3 Be4 20. Rg1 Rxd5 21. Rxd5 Bxd5 22. Bh3 Bf3 23. Bd7 a6 24. g4 Rd8 25.
Bf5 g6 26. Bc2 Kg7 27. Rg3 Be2 28. g5 f6 29. gxf6+ Kxf6 30. f4 Bd3 31. e4 Bxc2 32. Kxc2 h6 33. Rh3 h5 34. Re3 Ke6 35. Rg3 Kf6 36. e5+ Kf7 37. Rg5 Rd3 38. f5 gxf5 39.
Rxf5+ Ke6 40. Rxh5 Rf3 41. Rh6+ Kxe5 42. Rxa6 Rf2+ 43.
Kc1 Ke4 44. Rd6 Rxh2 45. Rd4+ Ke3 46. a4 bxa4 47. Rxc4 Kd3 48. Rxa4 Kxc3 49. Ra3+ Kb4 50. Re3 Rh1+ 51. Kd2 Rh2+ 52. Kd3 Rb2 53. Re4+ Kb5 54. Re5+ Kb6 55. Kc3 Rb5 56. Re6+ Kb7 57. Kc4 Rb6 58. Re7+ Kc6 59. Re6+ Kc7 60. Re7+ Kc6 61. Rf7 Kd6 62. Rf6+ Kc7 63. Rf7+ Kc6 64. Rg7 Ra6 65. Rg6+ Kb7 66. Rg5 Rc6+ 67. Kb5 Rb6+ 68. Kc5 Rc6+ 69. Kd5 Rb6 70.
Rg7+ Ka6 71. Kc5 Rb5+ 72. Kc4 Rb6 73. Rg8 Rc6+ 74. Kd5 Rb6 75. Kc5 Rb5+ 76. Kc4 Rb6 77. Rc8 Kb7 78. Re8 Kc6 79. Re7 Ra6 80. Re6+ Kb7 81. Re5 Rc6+ 82. Kd5 Rb6 83. Re7+ Ka6 84. Rc7 Rb5+ 85. Kc4 Rb6 86. Rd7 Rh6 87. Kc5 Rh5+ 88. Kc6 Rh6+ 89. Kc5 Rh5+ 90. Kc6 Rh6+ 91. Kc7 Kb5 92.
Re7 Kc5 93. Re5+ Kd4 94. Re8 Kc5 95. Rd8 Rh7+ 96. Kc8 Kc6 97. Rf8 Ra7 98. Rf6+ Kc5 1/2-1/2

[Event "Early-Titled-Tuesday-Blitz-February-13-2024"]
[Site "Chess.com"]
[Date "2024.02.13"]
[Round "9"]
[White "BallottiLuca"]
[Black "Witik"]
[Result "1-0"]
[WhiteElo "2388"]
[BlackElo "2652"]
[TimeControl "180+1"]
[EndTime "9:51:40 PST"]
[Termination "BallottiLuca won on time"]

1. d4 Nf6 2. c4 e6 3. Nc3 Bb4 4.
Nf3 d5 5. Bg5 h6 6. Bxf6 Qxf6 7.
e3 c5 8. cxd5 exd5 9. Bb5+ Nc6 10. O-O Bxc3 11. bxc3 O-O 12. dxc5 Qxc3 13. Qxd5 Be6 14.
Qe4 Qxc5 15. Bd3 g6 16. Qh4 Kg7 17. Rfc1 Qd6 18. Be4 Rac8 19. Rd1 Qa3 20. Bxc6 Rxc6 21. Nd4 Rb6 22. Nxe6+ Rxe6 23. Rd7 Qb2 24. Qd4+ Qxd4 25. Rxd4 Rc8 26. Rd2 Rec6 27. g3 Rc1+ 28. Rxc1 Rxc1+ 29. Kg2 Kf6 30. Rb2 b6 31. Kf3 Rc3 32. Ke4 Ke6 33. Kd4 Ra3 34. e4 Ra4+ 35. Ke3 f5 36. exf5+ gxf5 37. f4 Ra3+ 38. Kd4 Kd6 39. Rc2 Ra4+ 40.
Ke3 Kd5 41. Kd3 Ra3+ 42. Ke2 Kd4 43. Rd2+ Ke4 44. Rc2 b5 45. Rb2 a6 46. Rb4+ Kd5 47.
Rb2 Kd4 48. Rd2+ Ke4 49. Rb2 h5 50. Kf2 Rf3+ 51. Kg2 Ra3 52. h3 Kd3 53. g4 hxg4 54. hxg4 Ke4 55. gxf5 Kxf5 56. Kf2 Kxf4 57. Ke2 Ke4 58.
Kd2 Kd4 59. Kc2 Kc4 60. Kb1 Rh3 61. Rg2 b4 62. Kb2 Kb5 63. Rg5+ Ka4 64. Rg2 a5 65. Rf2 Rc3 66. Rg2 Kb5 67. Rg5+ Rc5 68. Rg2 a4 69. Rh2 Re5 70. Rg2 Rd5 71. Rh2 Kc4 72. Rh4+ Rd4 73. Rh2 a3+ 74. Kc2 Re4 75. Rg2 Rd4 76. Rh2 Rg4 77. Rf2 Rg1 78. Rf4+ Kc5 79. Rf5+ Kc4 80. Rf4+ Kb5 81. Rf2 Ra1 82. Kd3 Rb1 83. Rf5+ Ka4 84.
Rf8 Rb2 85. Ra8+ Kb5 86. Rb8+ Kc5 87. Rc8+ Kd5 88. Rc2 Rb1 89. Rd2 Kc5 90. Rc2+ Kb5 91. Rc8 Rb2 92. Rb8+ Ka5 93. Ra8+ Kb6 94. Rb8+ Kc7 95.
Rb5 Kc6 96. Rb8 Kc5 97. Rc8+ Kd5 98. Rc2 Rb1 99. Rd2 Kc5 100. Rc2+ Kb5 101. Kd2 Rh1 102. Kd3 Rh3+ 103. Kd2 Rh2+ 104. Kc1 Rh1+ 105. Kd2 Rb1 106. Kd3 b3 107. axb3 Kb4 108. Rc4+ Kxb3 109. Rc3+ Kb4 110. Rc4+ Kb5 111. Rc2 Ka4 112. Kc3 Rb8 113. Ra2 1-0

[Event "Early-Titled-Tuesday-Blitz-February-13-2024"]
[Site "Chess.com"]
[Date "2024.02.13"]
[Round "10"]
[White "Teidi96"]
[Black "kikoveiga"]
[Result "0-1"]
[WhiteElo "2280"]
[BlackElo "2532"]
[TimeControl "180+1"]
[EndTime "9:53:14 PST"]
[Termination "kikoveiga won by resignation"]

1. e4 Nc6 2. d4 d5 3. exd5 Qxd5 4. c3 e5 5. dxe5 Qxd1+ 6. Kxd1 Bg4+ 7. Be2 O-O-O+ 8. Ke1 Bxe2 9. Nxe2 Nxe5 10. Nd2 Nd3+ 11. Kf1 Nxc1 0-1

[Event "Early-Titled-Tuesday-Blitz-February-13-2024"]
[Site "Chess.com"]
[Date "2024.02.13"]
[Round "10"]
[White "tusplingher"]
[Black "betta2004"]
[Result "1-0"]
[WhiteElo "2487"]
[BlackElo "2613"]
[TimeControl "180+1"]
[EndTime "9:54:02 PST"]
[Termination "tusplingher won by resignation"]

1. e4 e5 2. Nf3 Nf6 3. Nxe5 Nc6 4.
Nxc6 dxc6 5. Nc3 Bc5 6. Be2 h5 7. d3 Ng4 8. Bxg4 hxg4 9. Qe2 Qd6 10. e5 Qd4 11. Be3 Qb4 12. Bxc5 Qxb2 13. Kd2 Rxh2 14. Rhb1 1-0

[Event "Early-Titled-Tuesday-Blitz-February-13-2024"]
[Site "Chess.com"]
[Date "2024.02.13"]
[Round "10"]
[White "bitter-cikolata"]
[Black "ExtremeLearner"]
[Result "0-1"]
[WhiteElo "2490"]
[BlackElo "2391"]
[TimeControl "180+1"]
[EndTime "9:54:52 PST"]
[Termination "ExtremeLearner won by resignation"]

1. e4 c5 2. Nf3 e6 3. d4 cxd4 4. Nxd4 Nc6 5. Nc3 Qc7 6. g3 h5 7.
h4 Nf6 8. Bg2 Ng4 9. O-O Bc5 10.
Nb3 Qxg3 11. Qxg4 Qxg4 12. Nxc5 d6 13. Nd3 Nd4 14. Bf4 Nf3+ 15. Kh1 Qxh4+ 0-1

[Event "Early-Titled-Tuesday-Blitz-February-13-2024"]
[Site "Chess.com"]
[Date "2024.02.13"]
[Round "10"]
[White "PedroGil25"]
[Black "SashaKuzhilniy"]
[Result "1-0"]
[WhiteElo "2452"]
[BlackElo "2588"]
[TimeControl "180+1"]
[EndTime "9:54:57 PST"]
[Termination "PedroGil25 won by resignation"]

1. e4 b6 2. d4 Bb7 3. Bd3 e6 4. Nf3 Nf6 5. Nbd2 d5 6. e5 Ne4 7. Qe2 Nxd2 8. Bxd2 c5 9. c3 Qc8 10. b4 Nc6 11. Rc1 c4 12. Bc2 a5 13. b5 Nb8 14. a4 Nd7 15. O-O Be7 16. h4 h6 17.
h5 Qc7 18. Nh2 O-O-O 19. f4 Rhe8 20. f5 f6 21. fxe6 Nf8 22. exf6 Bxf6 23. Bf5 Kb8 24. Bf4 1-0

[Event "Early-Titled-Tuesday-Blitz-February-13-2024"]
[Site "Chess.com"]
[Date "2024.02.13"]
[Round "10"]
[White "Slovineanu"]
[Black "Ready4abattle"]
[Result "1-0"]
[WhiteElo "2410"]
[BlackElo "2256"]
[TimeControl "180+1"]
[EndTime "9:55:31 PST"]
[Termination "Slovineanu won by resignation"]

1. d4 Nf6 2. Nf3 g6 3. Nbd2 d5 4. e3 Bg7 5. b4 a5 6. b5 c5 7. dxc5 Ne4 8. Ba3 Bxa1 9. Qxa1 Nf6 10. h4 h5 11. c4 Be6 12. Ng5 Qd7 13. Bb2 Qd8 14.
Nxe6 fxe6 15. Bd3 Kf7 16. Nf3 Qc8 17. Ne5+ Kg7 18. Nxg6 Re8 19. Nxe7 Rxe7 20. Bxf6+ Kf7 21. Bxe7 1-0

[Event "Early-Titled-Tuesday-Blitz-February-13-2024"]
[Site "Chess.com"]
[Date "2024.02.13"]
[Round "10"]
[White "Witik"]
[Black "InadaC"]
[Result "1-0"]
[WhiteElo "2653"]
[BlackElo "2220"]
[TimeControl "180+1"]
[EndTime "9:55:32 PST"]
[Termination "Witik won by resignation"]

1. e4 e6 2. d4 d5 3. Nc3 Bb4 4.
e5 c5 5. a3 Qa5 6. axb4 Qxa1 7. Nb5 f6 8. Nc7+ Kd7 9. Nxa8 cxd4 10. Nf3 Nc6 11. Bb5 Ke7 12. O-O Nxb4 13. Qxd4 Na6 14.
exf6+ Nxf6 15. Bh6 Qxf1+ 16. Bxf1 gxh6 17. Bxa6 bxa6 18. Qxa7+ Bd7 19. Nb6 Rd8 20. Ne5 Kd6 21. Nf7+ 1-0

[Event "Early-Titled-Tuesday-Blitz-February-13-2024"]
[Site "Chess.com"]
[Date "2024.02.13"]
[Round "10"]
[White "Lion-Al-Messi"]
[Black "egnfanclub"]
[Result "1-0"]
[WhiteElo "2557"]
[BlackElo "2355"]
[TimeControl "180+1"]
[EndTime "9:55:40 PST"]
[Termination "Lion-Al-Messi won by resignation"]

1. e4 e5 2. Nf3 Nc6 3. Bb5 a6 4. Ba4 d6 5. O-O Bg4 6. h3 h5 7. c3 Qf6 8. d4 b5 9. Bb3 Bxf3 10. Qxf3 Qxf3 11. gxf3 exd4 12. Rd1 dxc3 13. Nxc3 Nf6 14. Bg5 Be7 15. Bxf6 Bxf6 16. Bd5 Kd7 17. Rac1 Rab8 18. Bxc6+ Kxc6 19. Nd5+ Kd7 20. Rxc7+ Ke8 21. Nxf6+ gxf6 22. Rxd6 Rg8+ 23. Kf1 a5 24. Rxf6 Rd8 25. Rfxf7 Rd1+ 26. Ke2 Rgg1 27. Ke3 Rc1 28. Rxc1 Rxc1 29. Rf5 1-0

[Event "Early-Titled-Tuesday-Blitz-February-13-2024"]
[Site "Chess.com"]
[Date "2024.02.13"]
[Round "10"]
[White "Irishchessman16"]
[Black "YurasovMat-2012"]
[Result "1-0"]
[WhiteElo "2544"]
[BlackElo "2666"]
[TimeControl "180+1"]
[EndTime "9:55:50 PST"]
[Termination "Irishchessman16 won by resignation"]

1. c4 c6 2. e4 d5 3. exd5 cxd5 4. d4 Nf6 5. Nc3 g6 6. Bg5 Bg7 7. Bxf6 Bxf6 8. cxd5 O-O 9. Bc4 Nd7 10. Nge2 a6 11. a4 Nb6 12. Bb3 Qd6 13. O-O Bf5 14. Ng3 Bd7 15. Nge4 Qb4 16. Nxf6+ exf6 17. a5 Nc8 18.
Ne4 Kg7 19. Nc5 Bb5 20. Re1 Nd6 21. Re7 Rfe8 22. Qe1 Qxd4 23. Ne6+ 1-0

[Event "Early-Titled-Tuesday-Blitz-February-13-2024"]
[Site "Chess.com"]
[Date "2024.02.13"]
[Round "10"]
[White "Austen48"]
[Black "maurovargas01"]
[Result "1-0"]
[WhiteElo "2231"]
[BlackElo "1883"]
[TimeControl "180+1"]
[EndTime "9:55:56 PST"]
[Termination "Austen48 won by resignation"]

1. d4 d5 2. c4 e6 3. Nc3 c6 4. Nf3 dxc4 5. e4 b5 6. Be2 Bb4 7. O-O Bb7 8. a3 Bxc3 9. bxc3 Nd7 10. e5 Ne7 11. Rb1 a6 12. Bxc4 Qc8 13. Bd3 Ng6 14. h4 h5 15. Bxg6 fxg6 16. Qd3 Nf8 17. Ng5 Qd7 18.
a4 O-O-O 19. Ba3 Qd5 20. Bxf8 Rhxf8 21. Qxg6 c5 22. Qxe6+ Kb8 23. Qxd5 Bxd5 24. axb5 axb5 25. Rxb5+ Kc7 26. Rxc5+ Bc6 27. Ne6+ Kb6 28. Rb1+ 1-0

[Event "Early-Titled-Tuesday-Blitz-February-13-2024"]
[Site "Chess.com"]
[Date "2024.02.13"]
[Round "10"]
[White "MiguelEduardoGB"]
[Black "Conejoviejo67"]
[Result "0-1"]
[WhiteElo "2152"]
[BlackElo "2444"]
[TimeControl "180+1"]
[EndTime "9:56:03 PST"]
[Termination "Conejoviejo67 won by resignation"]

1. Nf3 g6 2. g3 Bg7 3. Bg2 e5 4. O-O Nc6 5. d3 d6 6. c4 f5 7. Nc3 Nf6 8. Nd2 O-O 9. a3 a5 10. Nd5 Be6 11. Rb1 Rb8 12. b4 axb4 13.
axb4 Ne7 14. Nxe7+ Qxe7 15. b5 Kh8 16. b6 c6 17. Bb2 Nd7 18. Qb3 Ra8 19. Ba3 Ra6 20. Qc2 Rxa3 21. Rb4 Nc5 22. Rfb1 Bd7 23. e3 Nxd3 0-1

[Event "Early-Titled-Tuesday-Blitz-February-13-2024"]
[Site "Chess.com"]
[Date "2024.02.13"]
[Round "10"]
[White "LeoWin2012"]
[Black "ChessBliss09"]
[Result "0-1"]
[WhiteElo "2221"]
[BlackElo "2141"]
[TimeControl "180+1"]
[EndTime "9:56:05 PST"]
[Termination "ChessBliss09 won by resignation"]

1. e4 e5 2. Nf3 Nc6 3. d4 exd4 4.
Nxd4 Bc5 5. Nb3 Bb6 6. Nc3 d6 7.
Qe2 Nf6 8. Be3 Be6 9. f3 a5 10. O-O-O a4 11. Nd4 Bxd4 12. Bxd4 a3 13. b3 Nxd4 14.
Rxd4 c5 15. Rd1 O-O 16. e5 Nh5 17. Rxd6 Qa5 18. Ne4 c4 19. Qd2 cxb3 20. cxb3 Qxe5 21. Qd4 Qf4+ 22. Qd2 Rfc8+ 23. Kd1 Bxb3+ 24. axb3 a2 25.
Nf6+ gxf6 26. Qxf4 a1=Q+ 27. Ke2 Nxf4+ 28. Kf2 0-1

[Event "Early-Titled-Tuesday-Blitz-February-13-2024"]
[Site "Chess.com"]
[Date "2024.02.13"]
[Round "10"]
[White "mr_gustavo"]
[Black "Yaacovn"]
[Result "0-1"]
[WhiteElo "2734"]
[BlackElo "2924"]
[TimeControl "180+1"]
[EndTime "9:56:11 PST"]
[Termination "Yaacovn won by resignation"]

1. d4 Nf6 2. c4 e5 3. dxe5 Ne4 4.
Nf3 Nc6 5. e3 d6 6. exd6 Bxd6 7.
Bd3 Bb4+ 8. Ke2 Qe7 9. a3 Bd6 10. b4 Bg4 11. Bb2 O-O-O 12. Qc2 f5 13. h3 Bh5 14.
Re1 Bxb4 15. Bxe4 fxe4 16. axb4 Nxb4 17. Qb3 exf3+ 18. gxf3 Rhf8 19. Nd2 Rxf3 20. Nxf3 Qe4 21. Bd4 Rxd4 0-1

[Event "Early-Titled-Tuesday-Blitz-February-13-2024"]
[Site "Chess.com"]
[Date "2024.02.13"]
[Round "10"]
[White "azikom"]
[Black "Zq1"]
[Result "0-1"]
[WhiteElo "2700"]
[BlackElo "2504"]
[TimeControl "180+1"]
[EndTime "9:56:26 PST"]
[Termination "Zq1 won by resignation"]

1. c4 c5 2. Nc3 b6 3. e4 Bb7 4. d3 g6 5. h4 h5 6. g3 Bg7 7. Bg2 d6 8. Nh3 Nd7 9. O-O Rb8 10. f4 Ngf6 11. f5 gxf5 12. Rxf5 Ng4 13. Bg5 Bd4+ 14. Kh1 f6 15. Bd2 Nde5 16. Qe2 a6 17.
Raf1 Kd7 18. Qe1 Qg8 19. Nd1 Nxd3 20. Qe2 Nde5 21. b3 Qg7 22. Bc3 Rbg8 23. Bxd4 cxd4 24.
Nf4 Nh6 25. Nxh5 Nxf5 26. Nxg7 Nxg3+ 0-1

[Event "Early-Titled-Tuesday-Blitz-February-13-2024"]
[Site "Chess.com"]
[Date "2024.02.13"]
[Round "10"]
[White "isaak2009"]
[Black "HeroWilczek"]
[Result "1-0"]
[WhiteElo "2678"]
[BlackElo "2480"]
[TimeControl "180+1"]
[EndTime "9:56:35 PST"]
[Termination "isaak2009 won by resignation"]

1. e4 c6 2. d4 d5 3. e5 c5 4. dxc5 Nc6 5. f4 Bf5 6. Be3 e6 7. c3 a5 8. Nf3 a4 9. Na3 Nh6 10. Nb5 Ng4 11. Bg1 Be7 12. h3 Bh4+ 13. Ke2 Nh6 14. Nd6+ Kf8 15. g4 Bg6 16. g5 Bg3 17.
gxh6 Bxf4 18. hxg7+ Kxg7 19. Be3 Nxe5 20. Qd4 Qf6 21. Bxf4 Nxf3 22. Bh6+ Kxh6 23. Qxf6 1-0